 Dungeon Crawl Stone Soup version 0.19.1 (webtiles) character file.

32729 JeffiDaFish the Protected (level 13, -4/84 HPs)
             Began as a Gargoyle Fighter on Nov 26, 2016.
             Was a High Priest of Makhleb.
             Slain by a tyrant leech (17 damage)
             ... on level 6 of the Lair of Beasts on Nov 27, 2016.
             The game lasted 00:34:15 (15359 turns).

JeffiDaFish the Protected (Gargoyle Fighter)       Turns: 15359, Time: 00:34:16

Health: -4/84      AC: 34    Str: 28    XL:     13   Next: 66%
Magic:  22/22      EV: 13    Int:  8    God:    Makhleb [*****.]
Gold:   887        SH: 13    Dex: 12    Spells: 1 memorised, 20 levels left

rFire  . . .     SeeInvis +     g - +5 flail (holy)
rCold  . . .     Gourm    .     m - +0 plate armour
rNeg   + . .     Faith    .     c - +0 shield
rPois  ∞         Spirit   .     (no helmet)
rElec  +         Reflect  .     B - +1 cloak
rCorr  .         Harm     .     o - +2 pair of gloves
MR     .....                    i - +2 pair of boots
Stlth  ..........               (no amulet)
                                v - +6 ring of evasion
                                n - ring of see invisible

@: mighty
A: negative energy resistance 1, electricity resistance, unbreathing,
petrification resistance, rot immunity, AC +9
a: Minor Destruction, Lesser Servant of Makhleb, Major Destruction, Greater
Servant of Makhleb, Renounce Religion


You were on level 6 of the Lair of Beasts.
You worshipped Makhleb.
Makhleb was extremely pleased with you.
You were not hungry.

You visited 3 branches of the dungeon, and saw 15 of its levels.
You also visited: Ossuary.

You collected 887 gold pieces.

Inventory:

Hand Weapons
 g - a +5 flail of holy wrath (weapon)
Armour
 c - a +0 shield (worn)
 i - a +2 pair of boots (worn)
 m - a +0 plate armour (worn)
 o - a +2 pair of gloves (worn)
 B - a +1 cloak (worn)
Jewellery
 n - a ring of see invisible (left hand)
 v - a +6 ring of evasion (right hand)
Wands
 x - a wand of iceblast (9/15)
 C - a wand of lightning (7/15)
Scrolls
 a - a scroll of fog
 e - 15 scrolls of identify
 h - 5 scrolls of blinking
 l - 13 scrolls of remove curse
 p - 3 scrolls of amnesia
 q - 3 scrolls of magic mapping
 y - a scroll of recharging
 z - 2 scrolls of teleportation
 I - a scroll of summoning
Potions
 b - 3 potions of brilliance
 d - 3 potions of might
 t - a potion of invisibility
 A - a potion of cure mutation
 E - 2 potions of agility
Books
 s - a book of Necromancy

   Spells                             Type                      Level
   a - Pain                           Necromancy                   1
   b - Animate Skeleton               Necromancy                   1
   c - Vampiric Draining              Necromancy                   3
   d - Regeneration                   Charms/Necromancy            3
   e - Animate Dead                   Necromancy                   4
   f - Control Undead                 Necromancy                   4
 u - a book of Cantrips

   Spells                             Type                      Level
   a - Confusing Touch                Hexes                        1
   b - Animate Skeleton               Necromancy                   1
   c - Summon Small Mammal            Summoning                    1
   d - Apportation                    Translocation                1
 D - a book of Debilitation

   Spells                             Type                      Level
   a - Corona                         Hexes                        1
   b - Slow                           Hexes                        2
   c - Gell's Gravitas                Hexes/Translocation          3
   d - Inner Flame                    Hexes/Fire                   3
   e - Cause Fear                     Hexes                        4
   f - Leda's Liquefaction            Hexes/Earth                  4
Comestibles
 f - 9 bread rations
 j - 2 beef jerkies
 k - 5 meat rations
 r - 13 fruits


   Skills:
 * Level 11.5 Fighting
 * Level 11.2 Maces & Flails
 * Level 11.6 Armour
 - Level 1.1 Dodging
 - Level 0.2 Stealth
 * Level 11.5 Shields
 + Level 6.2 Spellcasting
 + Level 5.8 Necromancy


You had 20 spell levels left.
You knew the following spells:

 Your Spells              Type           Power        Failure   Level  Hunger
a - Animate Dead          Necr           N/A          100%        4    ####...


Dungeon Overview and Level Annotations

Branches:
Dungeon (8/15)             Temple (1/1) D:6            Lair (6/6) D:8
  Swamp (0/4) Lair:3       Spider (0/4) Lair:3
  Slime: Lair:5-6

Altars:
Ashenzari
Dithmenos
Elyvilon
Fedhas
Gozag
Hepliaklqana
Makhleb
Nemelex Xobeh
Okawaru
Ru
Sif Muna
Trog
Vehumet
Xom
Yredelemnul
Zin
The Shining One

Shops:
D:6 (

Annotations:
Lair:4 exclusion: oklob plant
Lair:5 exclusion: 2 oklob plants


Innate Abilities, Weirdness & Mutations

You are resistant to torment.
Your stone body is resilient. (AC +9)
You are immune to poison.
You resist negative energy. (rN+)
You are resistant to electric shocks. (rElec)
You can survive without breathing.
You are immune to petrification.
You are immune to rotting.


Message History

You block the spiny frog's attack.
Your unstable footing causes you to fumble your attack.
You block the komodo dragon's attack. You block the spiny frog's attack.
Your unstable footing causes you to fumble your attack.
The tyrant leech bites the plant.
The tyrant leech bites you but does no damage.
The tyrant leech bites the plant!
You block the spiny frog's attack. You block the komodo dragon's attack.
You sock the spiny frog!
You kill the spiny frog!
Makhleb accepts your kill.
The tyrant leech bites the plant.
The tyrant leech barely misses you. You block the komodo dragon's attack.
The tyrant leech closely misses you.
The tyrant leech bites the plant!!
Your unstable footing causes you to fumble your attack.
Your unstable footing causes you to fumble your attack.
You block the komodo dragon's attack.
The tyrant leech bites the plant!
The plant is destroyed!
The tyrant leech bites you!
You die...

F≈P≈≈≈≈≈≈≈≈≈≈≈.≈≈≈≈....≈.....
P≈≈≈≈≈≈≈≈≈≈≈≈≈≈≈..P≈....
..≈≈≈≈≈≈≈≈≈≈P≈....≈...#.
≈≈≈≈≈≈.≈≈≈≈≈≈≈≈≈.≈≈.PP##
#PP≈≈≈P≈≈≈≈≈≈P≈≈≈...###
PPPP≈P≈≈≈≈≈≈≈≈≈≈P.≈.##
?)?PP≈≈..≈≈≈≈≈≈P...#.#
)??[PP.Pw≈≈≈≈≈≈≈≈...##
P?"[PP≈@l≈≈≈†≈≈≈≈....#
PPPPP###w≈≈≈≈≈≈P≈..### w≈w#
####≈≈P≈≈≈\≈≈# ≈ ##..#≈≈.###
#####PP# ####


You could see 4 tyrant leeches and a komodo dragon.

Vanquished Creatures
  Harold (Lair:3)
  3 catoblepae
  5 hydras
  Erica (Lair:1)
  4 death yaks (Lair:5)
  9 elephants
  2 black mambas
  18 spiny frogs
  The ghost of f0rbidden the Grave Robber, a novice DsNe of Hepliaklqana (D:5)
  A rime drake (Lair:2)
  4 komodo dragons
  7 blink frogs
  6 hippogriffs
  A wyvern (Lair:1)
  12 yaks
  A basilisk (Lair:3)
  A hungry ghost (D:7)
  2 vampire mosquitoes (Lair:6)
  Menkaure (Ossuary)
  6 swamp worms (Lair:3)
  12 porcupines
  13 water moccasins
  An orc warrior (D:7)
  3 black bears
  3 ice beasts
  A sky beast (D:6)
  2 phantoms
  A centaur (D:8)
  2 ogres
  16 crocodiles
  A big kobold (D:8)
  16 bullfrogs
  3 scorpions
  3 electric eels
  A howler monkey (D:8)
  3 crimson imps
  3 hounds
  A quasit (D:8)
  A human zombie (Ossuary)
  4 orc wizards
  7 orc priests
  2 jellies
  3 iguanas
  6 worker ants
  A big kobold zombie (Ossuary)
  5 ogre zombies (Ossuary)
  A hound zombie (D:8)
  A hound skeleton (D:8)
  6 mummies (Ossuary)
  2 worker ant zombies
  13 adders
  3 gnolls (D:6)
  2 shadow imps
  4 oozes
  5 adder zombies
  2 adder skeletons
  5 worms
  A dart slug (D:1)
  4 leopard geckos
  23 orcs
  A ball python (D:2)
  10 bats
  3 giant cockroaches
  10 hobgoblins
  9 jackals
  7 quokkas
  6 frilled lizards
  A gnoll zombie (Ossuary)
  4 goblins
  4 goblin zombies (Ossuary)
  2 hobgoblin zombies (Ossuary)
  A jackal skeleton (D:7)
  12 kobolds
  5 kobold zombies (Ossuary)
  A leopard gecko skeleton (D:4)
  An orc zombie (Ossuary)
  6 quokka zombies (Ossuary)
  8 rats
  A rat zombie (Ossuary)
364 creatures vanquished.

Vanquished Creatures (others)
  An orc wizard (D:6)
  A bat (D:2)
  A kobold (D:2)
  4 fungi
  11 plants
18 creatures vanquished.

Grand Total: 382 creatures vanquished

Notes
Turn   | Place    | Note
-------+----------+-------------------------------------------
     0 | D:1      | JeffiDaFish the Gargoyle Fighter began the quest for the Orb.
     0 | D:1      | Reached XP level 1. HP: 14/14 MP: 1/1
     1 | D:1      | Noticed an electric eel
    67 | D:1      | Gained mutation: Your flesh is cold resistant. (rC+) [potion of mutation]
    67 | D:1      | Gained mutation: You have large cloven feet. [potion of mutation]
    67 | D:1      | Gained mutation: You are robust. (+10% HP) [potion of mutation]
   147 | D:1      | Reached XP level 2. HP: 20/20 MP: 2/2
   423 | D:1      | Lost mutation: Your flesh is cold resistant. (rC+) [potion of cure mutation]
   423 | D:1      | Lost mutation: You are robust. (+10% HP) [potion of cure mutation]
   423 | D:1      | Lost mutation: You have large cloven feet. [potion of cure mutation]
   626 | D:1      | Reached XP level 3. HP: 23/23 MP: 3/3
  1061 | D:2      | Found a hazy altar of Hepliaklqana.
  1325 | D:2      | Reached XP level 4. HP: 25/29 MP: 4/4
  2151 | D:3      | Found a sparkling altar of Nemelex Xobeh.
  2499 | D:3      | Reached XP level 5. HP: 33/33 MP: 5/5
  2510 | D:3      | Found a shimmering altar of Xom.
  2634 | D:4      | Noticed a phantom
  2707 | D:4      | Killed a phantom
  2707 | D:4      | Reached XP level 6. HP: 30/38 MP: 6/6
  3154 | D:4      | Noticed a black bear
  3164 | D:4      | Killed a black bear
  3164 | D:4      | Reached skill level 5 in Maces & Flails
  3164 | D:4      | Reached XP level 7. HP: 27/44 MP: 7/7
  3374 | D:4      | Reached skill level 5 in Shields
  3403 | D:4      | Reached skill level 1 in Dodging
  3584 | D:4      | Learned a level 4 spell: Animate Dead
  3809 | D:5      | Entered Level 5 of the Dungeon
  3874 | D:5      | Noticed f0rbidden's ghost (novice DsNe)
  3901 | D:5      | Killed f0rbidden's ghost
  3901 | D:5      | Reached skill level 5 in Fighting
  3901 | D:5      | Reached skill level 5 in Armour
  3901 | D:5      | Reached skill level 1 in Spellcasting
  3901 | D:5      | Reached skill level 1 in Necromancy
  3901 | D:5      | Reached XP level 8. HP: 24/49 MP: 7/9
  4344 | D:5      | Found a white marble altar of Elyvilon.
  4389 | D:5      | HP: 1/49 [orc priest/divine providence (14)]
  4981 | D:6      | Found Weduru Wacu's Antique Weapon Boutique.
  5683 | D:6      | Found a staircase to the Ecumenical Temple.
  5718 | Temple   | Entered the Ecumenical Temple
  5827 | Temple   | Became a worshipper of Makhleb the Destroyer
  5911 | D:6      | Found a shadowy altar of Dithmenos.
  6959 | D:7      | Reached XP level 9. HP: 30/55 MP: 12/12
  7229 | D:7      | Found a sand-covered staircase.
  7308 | Ossuary  | Entered an ossuary
  7357 | Ossuary  | Reached * piety under Makhleb
  7577 | Ossuary  | Reached ** piety under Makhleb
  7601 | Ossuary  | Noticed Menkaure
  7608 | Ossuary  | Killed Menkaure
  8495 | D:8      | Noticed an elephant
  8518 | D:8      | Killed an elephant
  8518 | D:8      | Reached XP level 10. HP: 63/63 MP: 14/14
  8563 | D:8      | Reached *** piety under Makhleb
  8631 | D:8      | Found a staircase to the Lair.
  9137 | Lair:1   | Entered Level 1 of the Lair of Beasts
  9263 | Lair:1   | Noticed an elephant
  9265 | Lair:1   | Noticed an elephant
  9266 | Lair:1   | Noticed an elephant
  9301 | Lair:1   | Killed an elephant
  9306 | Lair:1   | Killed an elephant
  9317 | Lair:1   | Killed an elephant
  9592 | Lair:1   | Noticed a black mamba
  9604 | Lair:1   | Killed a black mamba
  9701 | Lair:1   | Noticed Erica
  9713 | Lair:1   | Killed Erica
  9713 | Lair:1   | Reached XP level 11. HP: 34/69 MP: 15/17
 10041 | Lair:1   | Noticed a six-headed hydra
 10051 | Lair:1   | Killed a six-headed hydra
 10251 | Lair:1   | Reached **** piety under Makhleb
 10398 | Lair:2   | HP: 3/71 [spiny frog (7)]
 11189 | Lair:2   | You fall through a shaft!
 11248 | Lair:3   | Noticed a catoblepas
 11265 | Lair:3   | Killed a catoblepas
 11705 | Lair:3   | Reached XP level 12. HP: 76/76 MP: 19/19
 11715 | Lair:3   | Reached skill level 10 in Shields
 11752 | Lair:3   | Reached skill level 5 in Spellcasting
 11776 | Lair:3   | Found a staircase to the Swamp.
 11882 | Lair:3   | Reached skill level 10 in Armour
 11897 | Lair:3   | Found a hole to the Spider Nest.
 12018 | Lair:3   | Noticed Harold
 12056 | Lair:3   | Killed Harold
 12277 | Lair:3   | Reached skill level 10 in Maces & Flails
 12364 | Lair:3   | Reached skill level 10 in Fighting
 12579 | Lair:4   | Reached ***** piety under Makhleb
 12801 | Lair:4   | Noticed a four-headed hydra
 12816 | Lair:4   | Killed a four-headed hydra
 13289 | Lair:4   | Noticed a six-headed hydra
 13298 | Lair:4   | Killed a six-headed hydra
 13819 | Lair:5   | Reached skill level 5 in Necromancy
 13919 | Lair:5   | Noticed a catoblepas
 13943 | Lair:5   | Noticed a catoblepas
 13952 | Lair:5   | Killed a catoblepas
 13952 | Lair:5   | Reached XP level 13. HP: 29/84 MP: 21/21
 15029 | Lair:6   | Entered Level 6 of the Lair of Beasts
 15359 | Lair:6   | Slain by a tyrant leech

Skill      XL: |  1  2  3  4  5  6  7  8  9 10 11 12 13 |
---------------+----------------------------------------+-----
Armour         | 4 5 6 7 8 9 10 11 | 11.6
Maces & Flails | 3 4 5 6 7 8 9 10 11 | 11.2
Shields        | 4 5 6 7 8 9 10 11 | 11.5
Fighting       | 4 5 6 7 8 9 10 11 | 11.5
Dodging        | 1 |  1.1
Spellcasting   | 1 2 3 4 5 6 |  6.2
Necromancy     | 1 2 3 4 5 |  5.8
Stealth        | |  0.2

Action                   |  1- 3 |  4- 6 |  7- 9 | 10-12 | 13-15 || total
-------------------------+-------+-------+-------+-------+-------++-------
Melee: Flail             |   136 |   210 |   539 |   897 |   395 ||  2177
       Kick              |     9 |       |       |       |       ||     9
  Use: Potion            |     4 |     4 |     9 |     5 |     3 ||    25
       Scroll            |     5 |     5 |    10 |     7 |     1 ||    28
 Stab: Petrified         |       |       |       |     1 |       ||     1
  Eat: Chunk             |     1 |     7 |    15 |    18 |     5 ||    46
       Beef jerky        |       |       |     1 |       |       ||     1
       Royal jelly       |       |       |     2 |       |       ||     2
       Fruit             |       |       |       |     2 |       ||     2
Armor: Scale mail        |    97 |     1 |       |       |       ||    98
       Plate armour      |       |   179 |   375 |   510 |   191 ||  1255
Dodge: Dodged            |    70 |    29 |   107 |   383 |   174 ||   763
Block: Shield            |   106 |   102 |   307 |   515 |   194 ||  1224
